 Dungeon Crawl Stone Soup version 0.28-a0-863-g8cecda6153 (webtiles) character file.

Game seed: 2526802769715086577

99 cheechan the Cutter (level 4, -1/31 HPs)
             Began as an Octopode Monk on Nov 19, 2021.
             Slain by a kobold (2 damage)
             ... on level 3 of the Dungeon.
             The game lasted 00:06:37 (1356 turns).

cheechan the Cutter (Octopode Monk)                 Turns: 1356, Time: 00:06:37

Health: -1/31      AC:  1    Str: 10    XL:     4   Next: 72%
Magic:  4/4        EV: 14    Int: 12    God:
Gold:   126        SH:  0    Dex: 15    Spells: 3/3 levels left

rFire   . . .      SeeInvis .   b - +2 whip (vamp)
rCold   . . .      Faith    .   (no shield)
rNeg    . . .      Spirit   .   (helmet restricted)
rPois   .          Reflect  .   (no amulet)
rElec   .          Harm     .   (no ring)
rCorr   .          Rampage  .   (no ring)
Will    .....                   (no ring)
Stlth   +++.......              (no ring)
HPRegen 0.10/turn               (no ring)
MPRegen 0.09/turn               (no ring)
                                (no ring)
                                (no ring)

@: no status effects
A: almost no armour, amphibious, 8 rings, camouflage 1, gelatinous body 1,
(nimble swimmer 1), tentacles
a: no special abilities


You were on level 3 of the Dungeon.
You visited 1 branch of the dungeon, and saw 4 of its levels.

You collected 126 gold pieces.

Inventory:

Hand Weapons
 a - a +0 short sword
 b - a +2 vampiric whip (weapon)
Scrolls
 c - 2 scrolls of blinking {unknown}
 f - a scroll of identify {unknown}
 g - a scroll of enchant weapon {unknown}
 h - a scroll of summoning {unknown}
Potions
 d - 2 potions of ambrosia {unknown}
 e - a potion of might {unknown}


   Skills:
 + Level 3.5 Fighting
 + Level 3.8 Short Blades
 + Level 1.5 Maces & Flails
 + Level 3.5 Dodging
 + Level 3.2 Stealth


You had 3 spell levels left.
You didn't know any spells.
Your spell library was empty.

Dungeon Overview and Level Annotations

Branches:
Dungeon (4/15)
 Temple: D:4-7

Altars:
The Shining One

Shops:
D:1 *


Innate Abilities, Weirdness & Mutations

You cannot wear most types of armour.
You are amphibious.
You can wear up to eight rings at the same time.
Your skin changes colour to match your surroundings (Stealth+).
Your rubbery body absorbs attacks. (AC +1, EV +1)
((You are camouflaged near water. (Stealth+)))
You have tentacles for arms and can constrict up to eight enemies at once.


Message History

The hobgoblin is severely wounded.
The hobgoblin barely misses you.
You hit the hobgoblin.
You kill the hobgoblin!
You barely miss the orc. Your grab misses the orc. You squeeze the orc!
You kill the orc!
The kobold throws a stone.
The stone hits you.
The orc wizard casts a spell.
The orc wizard flickers and vanishes!
Deactivating autopickup; reactivate with Ctrl-A.
You whack the orc! You grab the orc.
The orc is almost dead.
You constrict the orc, but do no damage.
The orc hits you with a +0 mace!
You hit the orc but do no damage.
The orc is almost dead.
You constrict the orc.
You kill the orc!
The kobold throws a stone.
The stone hits you.
You miss something. Something hits you.
You hit something.
You feel better. Something hits you but does no damage.
You barely miss something. Something hits you.
You hit something.
You feel better. Something hits you.
You miss something. Something hits you.
* * * LOW HITPOINT WARNING * * *
You closely miss something.
The kobold throws a stone.
The stone closely misses you. Something hits you.
* * * LOW HITPOINT WARNING * * *
You barely miss something.
The kobold throws a stone.
The stone misses you.
You hear some strange, mumbled words.
You are confused.
Something hits you.
* * * LOW HITPOINT WARNING * * *
You bump into the rock wall.
Something hits you.
* * * LOW HITPOINT WARNING * * *
You feel less confused.
The kobold throws a stone.
The stone misses you. Something hits you.
* * * LOW HITPOINT WARNING * * *
The kobold hits you with a +0 club.
You die...

#......... .(#.# #
#........# #..# ..
#........# #..###.#
#........# #......#
#.....[..####.##.###
#........##...†..#
###...).....#....[.#
#....##)##..♣....).##
#.#..@K....♣♣PP...#.##
♣ ♣#..#...........##..
♣.......##......#.##
♣...#.#.#####..#.# #
♣.....#... .....# #
♣...#########..###
♣...# #..# #.#.. ....#
.. ###.#


You could see a kobold.

Vanquished Creatures
  A crimson imp (D:4)
  2 adder skeletons
  5 orcs (D:3)
  A bat (D:3)
  2 endoplasms (D:1)
  A giant cockroach (D:1)
  4 goblins
  5 hobgoblins
  3 jackals (D:1)
  2 quokkas
  4 ball pythons
  A frilled lizard (D:1)
  2 goblin skeletons (D:4)
  A hobgoblin zombie (D:4)
  8 kobolds
  A kobold skeleton (D:4)
  3 orc zombies (D:4)
  7 rats (D:1)
53 creatures vanquished.

Vanquished Creatures (others)
  7 plants
7 creatures vanquished.

Grand Total: 60 creatures vanquished

Notes
Turn   | Place    | Note
-------+----------+-------------------------------------------
     0 | D:1      | cheechan the Octopode Monk began the quest for the Orb.
     0 | D:1      | Reached XP level 1. HP: 16/16 MP: 1/1
   158 | D:1      | Reached XP level 2. HP: 11/21 MP: 2/2
   284 | D:1      | Found a faded altar of an unknown god.
   428 | D:1      | Reached XP level 3. HP: 20/26 MP: 3/3
   490 | D:1      | Found Nyunet's Assorted Antiques.
   894 | D:2      | You fall into a shaft and drop 2 floors!
   935 | D:4      | Found a glowing golden altar of the Shining One.
   952 | D:4      | Reached skill level 1 in Maces & Flails
   952 | D:4      | Reached XP level 4. HP: 21/31 MP: 4/4
  1355 | D:3      | HP: 1/31 [something (3)]
  1356 | D:3      | Slain by a kobold

Illustrated notes

Levels and vault maps discovered:
D:1:      lemuel_arrival_room, layout_rooms, ebering_ecumenical_altar_mist,
          serial_shops, nicolae_shop_hallway_stairs, serial_forest,
          infiniplex_forest_lined_ring, infiniplex_forest_end_2,
          infiniplex_forest_lined_3, infiniplex_forest_clump_cross,
          infiniplex_forest_end_double, infiniplex_forest_clump_medium,
          infiniplex_forest_straight_2, infiniplex_forest_pool,
          infiniplex_forest_lined_ring, minmay_hexomino_p4
D:2:      layout_basic
D:3:      layout_loops_ring, serial_forest, infiniplex_forest_clump_small,
          infiniplex_forest_clump_tiny, infiniplex_forest_lined_2,
          infiniplex_forest_lined_2, infiniplex_forest_straight_2
D:4:      layout_gridville, nicolae_tso_besieged_by_evil, minivault_19

Skill      XL: |  1  2  3 |
---------------+----------+-----
Maces & Flails | 1 |  1.5
Stealth        | 3 |  3.2
Fighting       | |  3.5
Short Blades   | |  3.8
Dodging        | |  3.5

Action                   |  1- 3 |  4- 6 || total
-------------------------+-------+-------++-------
Melee: Short sword       |    37 |       ||    37
       Tentacles         |    16 |     8 ||    24
       Constrict         |    18 |    12 ||    30
       Whip              |    32 |    44 ||    76
 Stab: Sleeping          |     1 |     2 ||     3
Armor: Skin              |     7 |     2 ||     9
Dodge: Dodged            |    31 |    26 ||    57

Table legend: (Time is in decaauts)
 A = Elapsed time spent in this place.
 B = Non-inter-level travel time spent in this place.
 C = Inter-level travel time spent in this place.
 D = Time resting spent in this place.
 E = Time spent auto-exploring this place.
 F = Levels seen in this place.
 G = Mean time per level.
                   A        B        C        D        E       F      G
               +--------+--------+--------+--------+--------+-----+--------+
         Total |   1357 |   1357 |      0 |      0 |      0 |   4 |  339.2 |
       Dungeon |   1357 |   1357 |      0 |      0 |      0 |   4 |  339.2 |
               +--------+--------+--------+--------+--------+-----+--------+

Top non-repeatable levels by time:
     D:1: 842 daAuts
     D:4: 271 daAuts
     D:3: 193 daAuts
     D:2: 50 daAuts
